Map: Pylon LE

Players

LiquidMaNa (MaNa)

  • Race: Protoss Protoss
  • League: Grandmaster
  • Spawn Location: 11:00

ArT - Winner!

  • Race: Protoss Protoss
  • League: Master
  • Spawn Location: 5:00

Event: FEL Cracov 2025

VOD

Have the link to the VOD?

Description

Time

  • Played on: July 27, 2025, 10:03 a.m.
  • Length: 8:31

All games in this series

Show
View Real Time Build Order
Export as new Build Order

LiquidMaNa Protoss 

Build Orders: Oracle Opening 

Get SALT Encoding   

  12  0:00  Probe  
  13  0:12  Probe  
  14  0:18  Pylon  
  14  0:24  Probe  
  15  0:32  Probe  
  15  0:36  Gateway  
  15  0:40  Probe  
  16  0:46  Assimilator  
  17  0:51  Probe  
  18  0:59  Probe  
  19  1:04  Assimilator  
  19  1:07  Probe  
  19  1:08  Pylon  
  19  1:17  Probe  
  20  1:24  Cybernetics Core  
  21  1:29  Probe  
  21  1:30  Zealot  
  24  1:41  Probe  
  25  1:53  Probe  
  26  2:00  Adept  
  28  2:02  Stargate  
  28  2:05  Probe  
  29  2:10  Warp Gate  
  29  2:14  Pylon  
  29  2:32  Nexus  
  29  2:35  Oracle  
  31  2:47  Stalker  
  34  2:52  Probe  
  35  2:59  Shield Battery  
  35  3:05  Probe  
  36  3:13  Oracle  
  39  3:24  Gateway  
  39  3:30  Shield Battery  
  39  3:48  Void Ray  
  40  4:02  Stalker  
  40  4:09  Probe  
  41  4:12  Shield Battery  
  39  4:18  Stalker  
  39  4:19  Probe  
  39  4:21  Probe  
  43  4:25  Stalker  
  41  4:42  Stalker  
  43  4:48  Zealot  
  43  4:49  Probe x2  
  47  5:05  Stalker  
  53  5:08  Shield Battery  
  53  5:09  Pylon, Void Ray  
  53  5:15  Pylon  
  53  5:17  Pylon  
  53  5:24  Probe  
  53  5:27  Probe  
  55  5:33  Stalker x2, Twilight Council  
  46  6:01  Probe  
  46  6:03  Nexus  
  45  6:10  Dark Shrine  
  45  6:12  Probe  
  46  6:20  Probe  
  47  6:28  Probe  
  48  6:37  Probe  
  48  6:45  Probe  
  49  6:54  Probe  
  50  6:55  Forge  
  51  7:06  Probe  
  52  7:18  Probe  
  47  7:23  Dark Templar x2  
  47  7:25  Probe  
  52  7:31  Probe  
  52  7:38  Gateway x2  
  52  7:41  Probe  
  52  7:43  Probe  
  53  7:50  Dark Templar  
  47  7:55  Probe  
  47  7:57  Probe  
  36  8:06  Dark Templar  
  36  8:07  Probe  
  36  8:09  Probe  
  37  8:19  Probe  
Show
View Real Time Build Order
Export as new Build Order

ArT Protoss - Winner!

Build Orders:  

Get SALT Encoding   

  12  0:00  Probe  
  13  0:12  Probe  
  14  0:16  Pylon  
  14  0:24  Probe  
  15  0:32  Probe  
  15  0:36  Gateway  
  15  0:40  Probe  
  16  0:46  Assimilator  
  17  0:51  Probe  
  17  0:54  Assimilator  
  18  0:59  Probe  
  19  1:07  Gateway, Probe  
  19  1:17  Probe  
  20  1:23  Cybernetics Core  
  21  1:29  Probe  
  22  1:36  Pylon  
  22  1:41  Probe  
  23  1:51  Warp Gate  
  23  1:54  Probe  
  23  1:57  Stalker  
  23  2:00  Sentry  
  28  2:10  Pylon  
  28  2:23  Sentry  
  28  2:25  Stalker  
  32  2:46  Sentry  
  32  2:49  Nexus  
  34  2:57  Stalker  
  34  3:05  Pylon  
  36  3:07  Shield Battery  
  36  3:11  Probe  
  37  3:18  Stalker x2  
  37  3:20  Shield Battery  
  38  3:34  Probe  
  38  3:39  Stalker x2  
  42  3:45  Gateway  
  42  3:46  Probe  
  41  4:03  Stalker x2  
  41  4:04  Probe  
  41  4:09  Probe  
  45  4:16  Probe  
  46  4:17  Probe  
  47  4:30  Stalker x2, Probe  
  51  4:34  Probe  
  53  4:44  Twilight Council  
  53  4:45  Stalker  
  55  4:46  Probe  
  55  4:50  Blink  
  56  4:54  Stalker  
  56  4:55  Probe  
  59  5:00  Stalker  
  59  5:02  Probe  
  62  5:10  Pylon  
  62  5:25  Stalker x2  
  62  5:27  Probe  
  60  5:33  Probe  
  60  5:39  Probe  
  60  5:41  Stalker  
  59  5:45  Probe  
  60  5:51  Stalker  
  60  5:53  Stalker  
  56  5:58  Shield Battery  
  56  6:02  Probe  
  51  6:04  Shield Battery  
  51  6:07  Stalker  
  51  6:11  Probe  
  52  6:14  Probe  
  52  6:16  Stalker  
  55  6:19  Pylon  
  55  6:25  Gateway  
  55  6:30  Stalker  
  58  6:32  Probe  
  58  6:35  Probe  
  59  6:42  Stalker  
  61  6:47  Robotics Facility  
  61  6:49  Assimilator  
  61  6:51  Probe  
  61  6:52  Probe  
  63  6:57  Stalker  
  65  7:03  Pylon, Probe  
  65  7:04  Probe  
  65  7:08  Stalker  
  69  7:27  Nexus  
  69  7:29  Observer  
  69  7:30  Pylon, Probe  
  69  7:36  Stalker x2  
  75  7:38  Stalker  
  75  7:40  Probe  
  78  7:48  Probe  
  79  7:57  Observer  
  69  8:08  Pylon  
  69  8:11  Probe x2  
  68  8:16  Stalker x2  
  68  8:17  Stalker  
  71  8:20  Pylon  
Tags
 
Add a new tag
Caveats
  • Supply blocks, unpowered buildings, or Contaminate may cause inaccurate times.
  • Supply counts are checked every 10 seconds.